[Event "Titled Tuesday Blitz January 03 Early 2023"]
[White "Khubukshanov, Erdem"]
[Black "Guliev, Logman"]
[WhiteFideId "54114527"]
[BlackFideId "13400061"]
[WhiteElo "2382"]
[BlackElo "2250"]
[Result "0-1"]
[Round "01"]
[TimeControl "180+2"]
[Date "2023.01.03"]
[WhiteClock "0:00:07"]
[BlackClock "0:00:05"]

1. e4 c5 2. Nf3 d6 3. Bb5+ Bd7 4. Bxd7+ Nxd7 5. O-O g6 6. c3 Bg7 7. d4 cxd4 8. cxd4 e6 9. Nc3 Ne7 10. Be3 O-O 11. Qd2 Nf6 12. Bh6 d5 13. Bxg7 Kxg7 14. e5 Ne4 15. Nxe4 dxe4 16. Ng5 Nf5 17. Rad1 Nxd4 18. Nxe4 Nc6 19. Qf4 Qe7 20. h4 Rad8 21. h5 Nd4 22. h6+ Kh8 23. Rd2 Nf5 24. Rfd1 Rxd2 25. Rxd2 Rd8 26. Rxd8+ Qxd8 27. Nd6 Kg8 28. g4 Nxd6 29. exd6 f6 30. Qd4 Kf7 31. Qc5 Ke8 32. g5 f5 33. f4 Qd7 34. Qe5 Kd8 35. Qf6+ Kc8 36. Qh8+ Qd8 37. Qxh7 Qxd6 38. Qh8+ Kd7 39. Qc3 Qxf4 40. h7 Qxg5+ 41. Kf1 Qf4+ 42. Ke1 Qh4+ 43. Kd1 Qxh7 44. Qb4 Qh5+ 45. Kc1 Qh1+ 46. Kc2 Qe4+ 47. Qxe4 fxe4 48. Kd2 Kd6 49. Ke3 Ke5 0-1


[Site "https://www.chess.com"]

[Event "Titled Tuesday Blitz January 03 Early 2023"]
[White "Valle Maytin, Luis Enrique"]
[Black "Zemlyanskii, Ivan"]
[WhiteFideId "3503666"]
[BlackFideId "24249971"]
[WhiteElo "2241"]
[BlackElo "2300"]
[Result "0-1"]
[Round "01"]
[TimeControl "180+2"]
[Date "2023.01.03"]
[WhiteClock "0:00:12"]
[BlackClock "0:00:24"]

1. e4 c5 2. Nf3 d6 3. d4 Nf6 4. Nc3 cxd4 5. Nxd4 a6 6. Bg5 Nbd7 7. f4 Qa5 8. Qd2 e6 9. O-O-O Be7 10. Nb3 Qc7 11. Bd3 b5 12. g4 Bb7 13. Qe2 b4 14. Nb1 a5 15. h4 O-O 16. Bxf6 Nxf6 17. g5 Nd7 18. Nd4 a4 19. f5 e5 20. Nf3 Nc5 21. Rhg1 b3 22. Nc3 bxa2 23. Nxa2 a3 24. b3 Nxb3+ 25. Kb1 Nc5 26. Ka1 Nxd3 27. Rxd3 Ba6 28. f6 Bxd3 29. Qxd3 Bd8 30. h5 Rc8 31. c3 Qc4 32. Qe3 Rb8 33. Nd2 Qe6 34. fxg7 Kxg7 35. Qf3 Rb2 36. h6+ Kg8 37. Nb4 Rxd2 38. Rf1 Qb3 39. Rb1 Rb2 40. Rg1 Ra2+ 41. Nxa2 Qb2# 0-1


[Site "https://www.chess.com"]

[Event "Titled Tuesday Blitz January 03 Early 2023"]
[White "Harsh Suresh"]
[Black "Rengifo Blancas, Renzo Jhonathan"]
[WhiteFideId "45018464"]
[BlackFideId "3807185"]
[WhiteElo "2298"]
[BlackElo "2131"]
[Result "1-0"]
[Round "01"]
[TimeControl "180+2"]
[Date "2023.01.03"]
[WhiteClock "0:00:43"]
[BlackClock "0:00:07"]

1. e4 e5 2. Nf3 Nc6 3. Bb5 Nd4 4. Nxd4 exd4 5. d3 Bc5 6. Qg4 Qf6 7. O-O Ne7 8. Bg5 Qe6 9. Qxe6 fxe6 10. Nd2 h6 11. Bf4 c6 12. Ba4 O-O 13. Bg3 b5 14. Bb3 a5 15. a4 Bb7 16. Nf3 Ng6 17. Ra2 d5 18. Rfa1 b4 19. Re1 Rfe8 20. Raa1 Kf8 21. Re2 Re7 22. Rae1 Rae8 23. h4 h5 24. Ng5 Kg8 25. Kf1 Rf8 26. exd5 exd5 27. Ne6 Bb6 28. Nxf8 Rxe2 29. Nxg6 Rxe1+ 30. Kxe1 c5 31. Bxd5+ Bxd5 32. Ne7+ Kf7 33. Nxd5 Bd8 34. Nf4 g6 35. Ne2 Ke6 36. Nc1 Kd5 37. Nb3 c4 38. dxc4+ Kxc4 39. Nd2+ Kd5 40. Ke2 g5 41. hxg5 Bxg5 42. Kd3 Bd8 43. Nb3 h4 44. Bh2 Bb6 45. f3 Bc7 46. Bxc7 h3 47. gxh3 Kc6 48. Bxa5 Kd7 49. Bxb4 1-0


[Site "https://www.chess.com"]

[Event "Titled Tuesday Blitz January 03 Early 2023"]
[White "Martin Duque, Jesus"]
[Black "Beerdsen, Thomas"]
[WhiteFideId "2208954"]
[BlackFideId "1030108"]
[WhiteElo "2386"]
[BlackElo "2507"]
[Result "0-1"]
[Round "01"]
[TimeControl "180+2"]
[Date "2023.01.03"]
[WhiteClock "0:00:19"]
[BlackClock "0:01:22"]

1. Nf3 b6 2. g3 Bb7 3. Bg2 g6 4. O-O Bg7 5. d4 e6 6. e3 Ne7 7. b3 d6 8. Bb2 Nd7 9. c4 O-O 10. Nc3 a6 11. Qe2 h6 12. Rfd1 Re8 13. Rac1 Nf6 14. e4 Nd7 15. h3 Nf8 16. e5 d5 17. Ne1 Rc8 18. Ba3 Nh7 19. Nd3 dxc4 20. Bxb7 cxd3 21. Qxd3 Rb8 22. Bxa6 Nf5 23. Ne4 Ra8 24. Bb2 Ng5 25. Nxg5 Qxg5 26. Bb7 Rxa2 27. Rc2 Rd8 28. Bc1 Rxd4 29. Qf1 Rxd1 30. Qxd1 Ra1 31. Rxc7 Nd4 32. Kg2 Qxe5 33. Rc8+ Kh7 34. Qd2 Nxb3 35. Qd1 Nd4 36. Qd3 Ra7 37. Be4 Rd7 38. Bb2 Qb5 39. Qxb5 Nxb5 40. Bxg7 Na7 41. Rb8 Kxg7 42. Rxb6 Nc8 43. Rc6 Ne7 44. Bf3 Nxc6 45. Bxc6 Rd6 46. Bf3 f5 47. h4 Kf6 48. h5 g5 49. g4 fxg4 50. Bxg4 Ke5 51. f3 Kf4 52. Kh3 e5 53. Kh2 e4 54. Kh3 exf3 55. Kh2 Kxg4 56. Kg1 Kg3 57. Kh1 Rd1# 0-1


[Site "https://www.chess.com"]

[Event "Titled Tuesday Blitz January 03 Early 2023"]
[White "Krivonosov, Oleg"]
[Black "Arpita, Mukherjee"]
[WhiteFideId "11600349"]
[BlackFideId "5056403"]
[WhiteElo "2359"]
[BlackElo "2203"]
[Result "1-0"]
[Round "01"]
[TimeControl "180+2"]
[Date "2023.01.03"]
[WhiteClock "0:01:32"]
[BlackClock "0:00:06"]

1. Nf3 Nf6 2. c4 g6 3. Nc3 Bg7 4. e4 d6 5. d4 O-O 6. Be2 e5 7. dxe5 dxe5 8. Qxd8 Rxd8 9. Bg5 Re8 10. Nd5 Nxd5 11. cxd5 c6 12. Bc4 cxd5 13. Bxd5 Nc6 14. O-O-O Bg4 15. Kb1 Nd4 16. Nxd4 Bxd1 17. Nb5 Be2 18. Nc7 Bd3+ 19. Ka1 Rac8 20. Nxe8 Rxe8 21. Rc1 h6 22. Be3 Re7 23. Bxa7 Kh7 24. Bc5 Rc7 25. Be3 Rd7 26. f3 f5 27. b3 g5 28. Kb2 g4 29. Rd1 fxe4 30. Bxe4+ Bxe4 31. Rxd7 gxf3 32. gxf3 Bxf3 33. Kc2 Kg6 34. a4 Bf6 35. a5 h5 36. b4 Kf5 37. b5 Be4+ 38. Kd2 Bf3 39. a6 bxa6 40. bxa6 Bc6 41. a7 e4 42. Rc7 Bd5 43. Rc5 1-0


[Site "https://www.chess.com"]

[Event "Titled Tuesday Blitz January 03 Early 2023"]
[White "Kalajzic, Ivan"]
[Black "Mekhitarian, Krikor Sevag"]
[WhiteFideId "14506378"]
[BlackFideId "2107660"]
[WhiteElo "2062"]
[BlackElo "2537"]
[Result "0-1"]
[Round "01"]
[TimeControl "180+2"]
[Date "2023.01.03"]
[WhiteClock "0:00:07"]
[BlackClock "0:00:13"]

1. b3 b6 2. Bb2 Bb7 3. e3 e6 4. Nf3 Nf6 5. c4 d5 6. Nc3 a6 7. Be2 Bd6 8. O-O O-O 9. cxd5 exd5 10. d4 Re8 11. Qc2 Nbd7 12. Rfd1 Qe7 13. Nd2 h5 14. Bf3 Qe6 15. a4 g5 16. Ba3 Bxa3 17. Rxa3 h4 18. h3 Kh8 19. Nf1 Ne4 20. Nh2 f5 21. Nxe4 dxe4 22. Be2 Rac8 23. b4 Qd6 24. Rc3 Nf6 25. Rc1 Nd5 26. Rb3 Nxb4 27. Qb2 a5 28. Nf1 Bd5 29. Bc4 Bc6 30. Bb5 Bxb5 31. axb5 Nd3 32. Qc3 Nxc1 33. Qxc1 c5 34. Rc3 Re7 35. Qd1 Kg7 36. Qh5 Qg6 37. Qd1 Qd6 38. Qh5 Qf6 39. Rc4 Rec7 40. Qd1 Rd7 41. Qc2 Rcd8 42. dxc5 bxc5 43. Rxc5 Rd1 44. Rc6 Qa1 45. Qc4 Rxf1+ 46. Qxf1 Rd1 47. Rc7+ Kh6 0-1


[Site "https://www.chess.com"]

[Event "Titled Tuesday Blitz January 03 Early 2023"]
[White "Avila Pavas, Santiago"]
[Black "Estrada Nieto, Julian"]
[WhiteFideId "4437128"]
[BlackFideId "5101018"]
[WhiteElo "2522"]
[BlackElo "2215"]
[Result "1-0"]
[Round "01"]
[TimeControl "180+2"]
[Date "2023.01.03"]
[WhiteClock "0:01:41"]
[BlackClock "0:00:22"]

1. d4 d5 2. Bf4 Nf6 3. e3 c5 4. c3 Nc6 5. Nd2 e6 6. Ngf3 h6 7. Bd3 Bd6 8. Bg3 O-O 9. Ne5 Bxe5 10. dxe5 Nd7 11. f4 c4 12. Bc2 Qb6 13. Bf2 Qxb2 14. Rc1 b6 15. O-O Nc5 16. e4 Nxe4 17. Nxe4 dxe4 18. Bxe4 Rd8 19. Qf3 Bb7 20. Bxc6 Bxc6 21. Qxc6 Qxa2 22. Bd4 Rac8 23. Qf3 g6 24. Ra1 Qd2 25. Rxa7 b5 26. Qb7 Rf8 27. Qxb5 Qd3 28. Qb1 Qd2 29. Ra2 Qd3 30. Qxd3 cxd3 31. Rd2 1-0


[Site "https://www.chess.com"]

[Event "Titled Tuesday Blitz January 03 Early 2023"]
[White "Manukian, Artak"]
[Black "Borges Feria, Yasel"]
[WhiteFideId "13301373"]
[BlackFideId "3504921"]
[WhiteElo "2196"]
[BlackElo "2439"]
[Result "0-1"]
[Round "01"]
[TimeControl "180+2"]
[Date "2023.01.03"]
[WhiteClock "0:01:14"]
[BlackClock "0:00:35"]

1. e4 c6 2. d4 d5 3. e5 Bf5 4. c4 e6 5. Nc3 h6 6. Nf3 Nd7 7. Qb3 Qb6 8. c5 Qxb3 9. axb3 a6 10. b4 Rc8 11. Nd2 f6 12. f4 g5 13. g3 Bg7 14. Nb3 Kd8 15. Na5 Kc7 16. Be2 Ne7 17. O-O Rcg8 18. Kf2 h5 19. h4 gxh4 20. gxh4 Ng6 21. Rh1 Bf8 22. Bf3 Be7 23. Be3 fxe5 24. fxe5 Nxh4 25. Rag1 Nxf3 26. Kxf3 h4 27. Nb3 Bg6 28. Ke2 Bh5+ 29. Kd2 Bf3 30. Rxg8 Rxg8 31. Rg1 Rxg1 32. Bxg1 Bg5+ 33. Be3 h3 34. Nd1 Bxd1 0-1


[Site "https://www.chess.com"]

[Event "Titled Tuesday Blitz January 03 Early 2023"]
[White "Kaasen, Tor Fredrik"]
[Black "Najdin, Danil"]
[WhiteFideId "1516647"]
[BlackFideId "4172426"]
[WhiteElo "2480"]
[BlackElo "2235"]
[Result "1-0"]
[Round "01"]
[TimeControl "180+2"]
[Date "2023.01.03"]
[WhiteClock "0:00:12"]
[BlackClock "0:00:02"]

1. Nf3 Nf6 2. c4 g6 3. g3 Bg7 4. Bg2 O-O 5. O-O c5 6. d4 d6 7. Nc3 Nc6 8. d5 Na5 9. Nd2 a6 10. Rb1 Bd7 11. Qc2 b5 12. cxb5 axb5 13. b4 cxb4 14. Rxb4 Qc7 15. Bb2 Rfc8 16. Rc1 Qc5 17. a3 Bf5 18. Qd1 Nc4 19. Nxc4 bxc4 20. Na4 Rxa4 21. Rxa4 Ng4 22. Bxg7 Qxf2+ 23. Kh1 Kxg7 24. Qg1 Qxe2 25. h3 Nf2+ 26. Kh2 Nxh3 27. Qd4+ f6 28. Qd1 Qa2 29. Ra7 Ng5 30. Rxe7+ Kf8 31. Qe2 Qxa3 32. Re1 Qa4 33. Rb7 Re8 34. Qf2 c3 35. Rxe8+ Kxe8 36. Qe3+ Be4 37. Qxc3 1-0


[Site "https://www.chess.com"]

[Event "Titled Tuesday Blitz January 03 Early 2023"]
[White "Andreev, Konstantin"]
[Black "Zohid6"]
[WhiteFideId "24239305"]
[WhiteElo "2195"]
[BlackElo "2748"]
[Result "0-1"]
[Round "01"]
[TimeControl "180+2"]
[Date "2023.01.03"]
[WhiteClock "0:00:31"]
[BlackClock "0:01:42"]

1. e4 e6 2. d4 d5 3. Nc3 Nf6 4. e5 Nfd7 5. f4 c5 6. Nf3 Nc6 7. Be3 Qb6 8. Qd2 Qxb2 9. Rb1 Qa3 10. Be2 a6 11. O-O cxd4 12. Nxd4 Nxd4 13. Bxd4 Bc5 14. Kh1 Bxd4 15. Qxd4 Qc5 16. Qd3 b5 17. Qg3 g6 18. Rfd1 Bb7 19. Rb3 Rc8 20. Bd3 h5 21. Ne2 h4 22. Qg4 h3 23. Rc3 Qf2 24. Rxc8+ Bxc8 25. gxh3 Bb7 26. Qg2 Qb6 27. Qg3 Nc5 28. Bxg6 Rg8 29. f5 fxg6 30. fxg6 Ne4 31. Qh4 Nf2+ 32. Kg2 Nxd1 33. Qh7 Qf2+ 34. Kh1 Qf1+ 35. Ng1 Nf2# 0-1


[Site "https://www.chess.com"]

[Event "Titled Tuesday Blitz January 03 Early 2023"]
[White "Vovk, Orest"]
[Black "Preotu, Razvan"]
[WhiteFideId "14113490"]
[BlackFideId "2613280"]
[WhiteElo "2315"]
[BlackElo "2475"]
[Result "0-1"]
[Round "01"]
[TimeControl "180+2"]
[Date "2023.01.03"]
[WhiteClock "0:00:01"]
[BlackClock "0:00:11"]

1. h4 e5 2. h5 d5 3. h6 Nxh6 4. d4 Ng4 5. f3 Nf6 6. dxe5 Ng8 7. e4 dxe4 8. Qxd8+ Kxd8 9. Nc3 Bb4 10. Bg5+ f6 11. O-O-O+ Bd7 12. Nxe4 fxg5 13. e6 Be7 14. Bc4 Ke8 15. exd7+ Nxd7 16. Bxg8 Rxg8 17. Rxh7 Nf6 18. Nxf6+ Bxf6 19. Ne2 Rd8 20. Rxd8+ Bxd8 21. Ng3 Kf7 22. Ne4 Kg6 23. Rh1 Be7 24. Rd1 Rd8 25. Rxd8 Bxd8 26. g4 Be7 27. Kd2 Kf7 28. Kd3 Ke6 29. Kd4 b6 30. Ng3 Bf6+ 31. Ke4 Bxb2 32. Nf5 g6 33. Ne3 Be5 34. Nd5 Bd6 35. c4 c6 36. Ne3 Bc5 37. Nd1 Kd6 38. Nc3 Bb4 39. Ne2 b5 40. cxb5 cxb5 41. Nd4 a6 42. Nc2 Bc5 43. Ne1 b4 44. Kd3 Ke5 45. Kc4 Be7 46. Nd3+ Ke6 47. Nxb4 Bxb4 48. Kxb4 Ke5 49. Ka5 Kf4 50. Kxa6 Kxf3 51. a4 Kxg4 52. a5 Kf5 53. Kb7 g4 54. a6 g3 55. a7 g2 56. a8=Q g1=Q 57. Qf8+ Kg4 58. Qc8+ Kg3 59. Qc3+ Kh2 60. Qe5+ Qg3 61. Qf6 g5 62. Kc6 Qf4 63. Qh6+ Kg2 64. Kd5 Qf5+ 65. Kd4 g4 66. Qh8 g3 67. Kc3 Kf2 68. Qb8 g2 69. Qb2+ Kg3 70. Qb1 Qc5+ 71. Kd3 g1=Q 72. Kd2 Qxb1 0-1


[Site "https://www.chess.com"]

[Event "Titled Tuesday Blitz January 03 Early 2023"]
[White "Begmuratov, Khumoyun"]
[Black "Degenbaev, Aziz"]
[WhiteFideId "14210207"]
[BlackFideId "13802640"]
[WhiteElo "2387"]
[BlackElo "2203"]
[Result "1-0"]
[Round "01"]
[TimeControl "180+2"]
[Date "2023.01.03"]
[WhiteClock "0:00:03"]
[BlackClock "0:00:01"]

1. e4 c5 2. Nc3 Nc6 3. Bb5 d6 4. Nf3 Nf6 5. d4 cxd4 6. Qxd4 Bd7 7. Bxc6 Bxc6 8. O-O g6 9. Bg5 Bg7 10. h3 O-O 11. Qe3 a6 12. Rfe1 Re8 13. e5 Bxf3 14. Qxf3 dxe5 15. Rxe5 Qb6 16. Rb1 Rac8 17. Ree1 Qc6 18. Qxc6 Rxc6 19. Bxf6 Bxf6 20. Nd5 Kg7 21. c3 Rd6 22. Ne3 Red8 23. Kf1 e6 24. g3 h5 25. f4 Rd2 26. Re2 Be7 27. Ke1 R2d3 28. Nf1 Bc5 29. Re4 h4 30. Re5 hxg3 31. Rxc5 g2 32. Kf2 gxf1=Q+ 33. Rxf1 Rxh3 34. Kg2 Rh4 35. Kg3 Rhh8 36. Rc7 Rb8 37. Rd1 Rhc8 38. Rcd7 b5 39. Kg4 a5 40. a3 b4 41. cxb4 axb4 42. a4 b3 43. Ra7 Rf8 44. Rdd7 Rb4 45. a5 e5 46. a6 Rxf4+ 47. Kg3 Ra4 48. Rd6 Rb8 49. Rc7 Ra8 50. Rdd7 1-0


[Site "https://www.chess.com"]

[Event "Titled Tuesday Blitz January 03 Early 2023"]
[White "Forgacs, Attila Jr."]
[Black "Tanenbaum, Zachary"]
[WhiteFideId "773654"]
[BlackFideId "2060850"]
[WhiteElo "2264"]
[BlackElo "2261"]
[Result "0-1"]
[Round "01"]
[TimeControl "180+2"]
[Date "2023.01.03"]
[WhiteClock "0:00:04"]
[BlackClock "0:00:05"]

1. e4 e5 2. Nf3 Nc6 3. Bb5 a6 4. Ba4 d6 5. O-O Nf6 6. d4 b5 7. Bb3 Nxd4 8. Nxd4 exd4 9. c3 dxc3 10. Nxc3 Be7 11. Re1 O-O 12. Nd5 Nxd5 13. Bxd5 Rb8 14. Be3 Bb7 15. Ba7 Ra8 16. Bxb7 Rxa7 17. Bc6 Bf6 18. Qc2 Qb8 19. Rac1 a5 20. b3 Qb6 21. Qd3 b4 22. Rf1 Bc3 23. Ba4 Raa8 24. Kh1 c5 25. Rcd1 Rad8 26. f4 Bd4 27. Bb5 Qc7 28. Bc4 Qe7 29. Qf3 Kh8 30. Rde1 Qd7 31. Bd3 d5 32. e5 g6 33. f5 Rde8 34. Qg3 Qc7 35. fxg6 fxg6 36. Rxf8+ Rxf8 37. Qh3 Bxe5 38. Bxg6 Bc3 39. Rd1 Qg7 40. Bd3 Qf7 41. Qg4 c4 42. bxc4 dxc4 43. Bb1 Qf1+ 44. Rxf1 Rxf1# 0-1


[Site "https://www.chess.com"]

[Event "Titled Tuesday Blitz January 03 Early 2023"]
[White "Starozhilov, Leonid"]
[Black "Yirik, Volkan"]
[WhiteFideId "14106752"]
[BlackFideId "6300782"]
[WhiteElo "2313"]
[BlackElo "1957"]
[Result "1-0"]
[Round "01"]
[TimeControl "180+2"]
[Date "2023.01.03"]
[WhiteClock "0:00:41"]
[BlackClock "0:02:12"]

1. e4 g6 2. d4 Bg7 3. c4 d6 4. Nc3 Nf6 5. f3 O-O 6. Be3 Nbd7 7. Nge2 a6 8. a4 c5 9. d5 Rb8 10. Ng3 Ne5 11. Qd2 e6 12. h4 exd5 13. cxd5 h5 14. Bg5 b5 15. axb5 axb5 16. Bxb5 Bd7 17. Be2 Qb6 18. Ra2 Qb3 19. O-O Nc4 20. Bxc4 Qxc4 21. Ra7 Bb5 22. Qf4 Ne8 23. Be7 Be5 24. Qh6 Ng7 25. Bxf8 Rxf8 26. Nge2 Qb3 27. Rb7 1-0


[Site "https://www.chess.com"]

[Event "Titled Tuesday Blitz January 03 Early 2023"]
[White "Yeritsyan, Hayk"]
[Black "Cardoso Cardoso, Jose Gabriel"]
[WhiteFideId "13307320"]
[BlackFideId "4430492"]
[WhiteElo "2241"]
[BlackElo "2492"]
[Result "0-1"]
[Round "01"]
[TimeControl "180+2"]
[Date "2023.01.03"]
[WhiteClock "0:00:05"]
[BlackClock "0:00:04"]

1. d4 Nf6 2. c4 e6 3. Nc3 d5 4. cxd5 exd5 5. Bf4 Bb4 6. e3 O-O 7. Bd3 c5 8. Ne2 Nc6 9. O-O Bg4 10. f3 Bh5 11. a3 Bxc3 12. bxc3 c4 13. Bc2 Bg6 14. Bg5 h6 15. Bh4 Qd6 16. Bxf6 Qxf6 17. e4 Ne7 18. e5 Qa6 19. f4 Bxc2 20. Qxc2 f5 21. exf6 Rxf6 22. Ng3 Raf8 23. f5 Qd6 24. Rae1 Qd7 25. Re5 Nc6 26. Re3 a5 27. a4 Ne7 28. Ref3 R6f7 29. h3 b6 30. Kh1 Kh8 31. Rf4 Ng8 32. R1f2 Nf6 33. Re2 Re8 34. Re5 Rfe7 35. Qe2 Qd6 36. Rxe7 Rxe7 37. Qf3 Qa3 38. Nh5 Nxh5 39. f6 Qc1+ 40. Kh2 Nxf6 41. Rxf6 gxf6 42. Qxf6+ Rg7 43. Qf8+ Kh7 44. Qf5+ Kg8 45. Qe6+ Rf7 46. Qg6+ Kf8 47. Qd6+ Re7 48. Qf6+ Ke8 49. Qc6+ Rd7 50. Qe6+ Kd8 51. Qxb6+ Ke7 52. Qc5+ Kf7 53. Qc6 Qf4+ 54. Kh1 Qf1+ 55. Kh2 Qf4+ 56. Kh1 Qd6 57. Qc8 Re7 58. Qf5+ Kg7 59. Qg4+ Kf8 60. Qf3+ Ke8 61. Qh5+ Kd8 62. Qh4 Kc7 63. Qf2 Qe6 64. Kh2 Qd6+ 65. g3 h5 66. h4 Re4 67. Kh3 Qe6+ 68. g4 Qxg4+ 0-1


[Site "https://www.chess.com"]

[Event "Titled Tuesday Blitz January 03 Early 2023"]
[White "Ardelean, George-Catalin"]
[Black "Novikova, Galina"]
[WhiteFideId "1207091"]
[BlackFideId "4157095"]
[WhiteElo "2470"]
[BlackElo "2073"]
[Result "1-0"]
[Round "01"]
[TimeControl "180+2"]
[Date "2023.01.03"]
[WhiteClock "0:02:06"]
[BlackClock "0:00:30"]

1. d4 e6 2. Bf4 d5 3. e3 Bd6 4. Qf3 Nf6 5. Nc3 c6 6. O-O-O b5 7. Bd3 a5 8. g4 a4 9. g5 b4 10. Nce2 Bxf4 11. Nxf4 Ne4 12. Bxe4 dxe4 13. Qxe4 b3 14. cxb3 axb3 15. a3 O-O 16. Nf3 Qe7 17. Nh5 Nd7 18. Ne5 Ba6 19. Nxd7 Qd8 1-0


[Site "https://www.chess.com"]

[Event "Titled Tuesday Blitz January 03 Early 2023"]
[White "Silva, Caio Henrique Angelico"]
[Black "Ordekalog"]
[WhiteFideId "22777210"]
[WhiteElo "2129"]
[BlackElo "2701"]
[Result "1/2-1/2"]
[Round "01"]
[TimeControl "180+2"]
[Date "2023.01.03"]
[WhiteClock "0:00:43"]
[BlackClock "0:01:40"]

1. Nf3 d5 2. g3 c5 3. Bg2 Nc6 4. d4 Nf6 5. O-O cxd4 6. Nxd4 Na5 7. Nb3 e5 8. Bg5 Be6 9. Nc3 d4 10. Ne4 Nxb3 11. axb3 Be7 12. Bxf6 gxf6 13. f4 f5 14. Ng5 Bxg5 15. fxg5 Qxg5 16. Bxb7 O-O 17. Bxa8 Rxa8 18. Qc1 Qg4 19. Qd2 Rc8 20. Ra5 Qe4 21. Qg5+ Kf8 22. Rxa7 Bd5 23. Qe7+ Kg8 24. Qg5+ Kf8 25. Qe7+ Kg8 26. Qg5+ Kf8 1/2-1/2


[Site "https://www.chess.com"]

[Event "Titled Tuesday Blitz January 03 Early 2023"]
[White "Nouri, Alekhine"]
[Black "Sreyas Payyappat"]
[WhiteFideId "5216184"]
[BlackFideId "46674969"]
[WhiteElo "2257"]
[BlackElo "2076"]
[Result "1-0"]
[Round "01"]
[TimeControl "180+2"]
[Date "2023.01.03"]
[WhiteClock "0:01:19"]
[BlackClock "0:00:13"]

1. e4 c5 2. Nc3 d6 3. Nf3 Nf6 4. d4 cxd4 5. Qxd4 Nc6 6. Bb5 Bd7 7. Bxc6 Bxc6 8. Bg5 h6 9. Bh4 g5 10. Bg3 Bg7 11. O-O-O O-O 12. Qd3 Nd7 13. Nd4 Nc5 14. Qe3 Qb6 15. Nf5 a5 16. Nxe7+ Kh8 17. Rxd6 a4 18. Nf5 a3 19. b3 Qb4 20. Nxg7 Kxg7 21. Rhd1 f6 22. e5 f5 23. f4 Rac8 24. fxg5 f4 25. gxh6+ Kh8 26. R1d4 1-0


[Site "https://www.chess.com"]

[Event "Titled Tuesday Blitz January 03 Early 2023"]
[White "Miszler, Levente"]
[Black "Rakhmatullaev, Almas"]
[WhiteFideId "763276"]
[BlackFideId "14205793"]
[WhiteElo "2271"]
[BlackElo "2275"]
[Result "0-1"]
[Round "01"]
[TimeControl "180+2"]
[Date "2023.01.03"]
[WhiteClock "0:00:48"]
[BlackClock "0:01:23"]

1. Nf3 Nf6 2. c4 g6 3. g3 Bg7 4. Bg2 O-O 5. O-O d6 6. Nc3 e5 7. d3 Nbd7 8. Rb1 c6 9. e4 Qe7 10. b4 h6 11. a4 Nh5 12. Qb3 Kh8 13. b5 Nc5 14. Qc2 f5 15. bxc6 bxc6 16. Ba3 f4 17. Ne2 Bg4 18. Rbd1 Ne6 19. h3 Bxf3 20. Bxf3 Ng5 21. Bxh5 gxh5 22. h4 Nf3+ 23. Kg2 Qe6 24. Ng1 Nxh4+ 25. gxh4 Qg4+ 26. Kh2 f3 27. Nxf3 Rxf3 0-1


[Site "https://www.chess.com"]

[Event "Titled Tuesday Blitz January 03 Early 2023"]
[White "Goryachkina, Aleksandra"]
[Black "Zilleruelo Irizarry, Diego"]
[WhiteFideId "4147103"]
[BlackFideId "3101460"]
[WhiteElo "2571"]
[BlackElo "2135"]
[Result "1-0"]
[Round "01"]
[TimeControl "180+2"]
[Date "2023.01.03"]
[WhiteClock "0:00:46"]
[BlackClock "0:00:01"]

1. e4 c6 2. d4 d5 3. e5 c5 4. dxc5 e6 5. Nf3 Bxc5 6. a3 Nc6 7. Bd3 Nge7 8. b4 Bb6 9. O-O Ng6 10. Bb2 O-O 11. Re1 Bd7 12. c4 dxc4 13. Bxc4 Qe7 14. Nbd2 Rac8 15. Rc1 Rfd8 16. Qb3 Be8 17. Ne4 Bc7 18. Nc5 Bb6 19. Bf1 Bxc5 20. Rxc5 Nf4 21. Rec1 a6 22. Qe3 Nd5 23. Qe4 Nb6 24. Ba1 h6 25. h4 Na7 26. Bd3 g6 27. h5 Kg7 28. Nh4 Rxd3 29. Qxd3 Qxh4 30. hxg6 fxg6 31. Rc7+ Rxc7 32. Rxc7+ Bf7 33. Qf3 h5 34. Rxf7+ Kg8 35. Rf8+ Kh7 36. Qxb7+ Kh6 37. Qxb6 Nb5 38. Qe3+ Kh7 39. a4 1-0


[Site "https://www.chess.com"]

[Event "Titled Tuesday Blitz January 03 Early 2023"]
[White "Dinu, Dumitru-Daniel"]
[Black "Fernandez Guillen, Ernesto J."]
[WhiteFideId "1208403"]
[BlackFideId "3512428"]
[WhiteElo "2203"]
[BlackElo "2477"]
[Result "0-1"]
[Round "01"]
[TimeControl "180+2"]
[Date "2023.01.03"]
[WhiteClock "0:00:04"]
[BlackClock "0:00:14"]

1. e4 e5 2. Nf3 Nc6 3. Bb5 f5 4. d3 fxe4 5. dxe4 Nf6 6. Nc3 d6 7. O-O Bg4 8. Bg5 Be7 9. Bxf6 Bxf6 10. h3 Bh5 11. Bxc6+ bxc6 12. Qd3 O-O 13. Nh2 Kh8 14. Ne2 Bg6 15. Qc4 Qe8 16. Nc3 Bg5 17. Rad1 Rb8 18. b3 a5 19. Qa6 Ra8 20. Qc4 Bf7 21. Qd3 Be6 22. a4 Qh5 23. Qe2 Qg6 24. Rd3 Bf4 25. Kh1 h5 26. Rf3 Rf6 27. Nd1 Raf8 28. Rg1 d5 29. g3 dxe4 30. Rc3 Bh6 31. Rxc6 e3 32. f3 h4 33. g4 Bd5 34. Rxf6 Rxf6 35. Rf1 Qg5 36. c4 Bc6 37. Nc3 Qf4 38. Nd5 Qg3 39. Nxf6 gxf6 40. Qg2 e2 41. Qxe2 Qxh3 42. Qg2 Qg3 43. Qxg3 hxg3 44. Kg2 gxh2 45. Kxh2 Bf4+ 46. Kg2 Kg7 47. Rd1 Kf7 48. Rd8 Ke6 49. Rc8 Kd7 50. Rf8 Bg5 51. Rf7+ Kd6 52. Rf8 Bd7 53. Ra8 Bd2 54. Rf8 Ke7 55. Rh8 Be8 56. Rh7+ Bf7 57. Rh8 Bb4 58. Rc8 Kd7 59. Rb8 Bg6 60. Rg8 Bc2 61. Rg7+ Kd6 62. Rf7 Bxb3 63. Rxf6+ Kc5 64. Re6 Kd4 65. Rc6 Bxc4 66. Rxc7 Bb3 67. g5 Bxa4 68. g6 Bb3 69. g7 a4 70. Rb7 Kc3 71. Rc7+ Kb2 72. Rb7 Ka3 73. Rb8 Ba2 74. g8=Q Bxg8 75. Rxg8 Kb3 76. Ra8 a3 77. Kg3 a2 78. Rxa2 Kxa2 79. Kg4 Bd2 80. Kg3 Bf4+ 0-1


[Site "https://www.chess.com"]

[Event "Titled Tuesday Blitz January 03 Early 2023"]
[White "Concio, Michael Jr."]
[Black "Golubovskis, Maksims"]
[WhiteFideId "5217873"]
[BlackFideId "11608528"]
[WhiteElo "2395"]
[BlackElo "2176"]
[Result "0-1"]
[Round "01"]
[TimeControl "180+2"]
[Date "2023.01.03"]
[WhiteClock "0:00:04"]
[BlackClock "0:01:08"]

1. e4 c5 2. Nf3 Nf6 3. d4 Nxe4 4. Bd3 d5 5. O-O Nc6 6. dxc5 Nxc5 7. Be2 e5 8. b4 Nxb4 9. Nxe5 Bd6 10. Bb2 O-O 11. Nd2 Nc6 12. Ndf3 Be6 13. Nxc6 bxc6 14. Qd4 f6 15. Ng5 Qd7 16. Nxe6 Nxe6 17. Qh4 Be5 18. Rab1 Rab8 19. Ba3 Rfe8 20. Bg4 Qf7 21. Qh3 Nf4 22. Qf3 f5 23. Bh3 g5 24. g4 h5 25. Rxb8 Bxb8 26. Bg2 hxg4 27. Qb3 Qc7 28. h3 Ne2+ 0-1


[Site "https://www.chess.com"]

[Event "Titled Tuesday Blitz January 03 Early 2023"]
[White "Szyszylo, Rafal"]
[Black "Aradhya, Garg"]
[WhiteFideId "1109626"]
[BlackFideId "25006746"]
[WhiteElo "2091"]
[BlackElo "2284"]
[Result "0-1"]
[Round "01"]
[TimeControl "180+2"]
[Date "2023.01.03"]
[WhiteClock "0:00:02"]
[BlackClock "0:00:02"]

1. e4 e5 2. Nf3 Nc6 3. Bb5 a6 4. Ba4 Nf6 5. Qe2 b5 6. Bb3 Be7 7. c3 O-O 8. O-O d5 9. d3 Be6 10. Nbd2 Re8 11. Re1 h6 12. Nf1 Bd6 13. Ng3 Qd7 14. h3 a5 15. Bc2 a4 16. a3 dxe4 17. dxe4 Na5 18. Nh4 Nb3 19. Bxb3 axb3 20. Nhf5 Bf8 21. Qf3 Nh7 22. Rd1 Qc6 23. h4 Rad8 24. Be3 Kh8 25. Rxd8 Rxd8 26. Rd1 Rxd1+ 27. Qxd1 Qd7 28. Qf3 h5 29. Qe2 g6 30. Nh6 Nf6 31. f3 Bc4 32. Qf2 Qd1+ 33. Kh2 Qc2 34. Qxc2 bxc2 35. Bc1 Kh7 36. Nhf5 gxf5 37. Nxf5 Nd7 38. Ne3 Nc5 39. Nxc2 Nd3 40. Bg5 Nxb2 41. Ne3 Nd3 42. Nf5 Bxa3 43. Bd8 Be6 44. Bxc7 Bxf5 45. exf5 Bb2 0-1


[Site "https://www.chess.com"]